 Dungeon Crawl Stone Soup version 0.21.0-37-g46506fa (webtiles) character file.

50 hexophile the Changer (level 3, -3/17 HPs)
             Began as a Spriggan Transmuter on Jan 30, 2018.
             Slain by an iguana (15 damage)
             ... on level 2 of the Dungeon.
             The game lasted 00:04:32 (2210 turns).

hexophile the Changer (Spriggan Transmuter)         Turns: 2210, Time: 00:04:33

Health: -3/17      AC:  2    Str:  7    XL:     3   Next: 55%
Magic:  5/8        EV: 18    Int: 14    God:
Gold:   82         SH:  0    Dex: 16    Spells: 4/7 levels left

rFire    . . .     SeeInvis +     - Unarmed
rCold    . . .     Gourm    .   (shield restricted)
rNeg     . . .     Faith    .   b - +0 robe
rPois    .         Spirit   .   (helmet restricted)
rElec    .         Reflect  .   (no cloak)
rCorr    .         Harm     .   (gloves unavailable)
MR       .....                  (boots unavailable)
Stlth    +.........             (no amulet)
HPRegen  0.05/turn              (no ring)
MPRegen  0.11/turn              (no ring)

@: appendage, very quick
A: very small, unfitting armour, talons 3, see invisible, herbivore, speed 3,
slow metabolism 2
a: End Transformation


You were on level 2 of the Dungeon.
You were not hungry.
You had grown temporary talons.
You visited 1 branch of the dungeon, and saw 2 of its levels.

You collected 82 gold pieces.


Innate Abilities, Weirdness & Mutations

You are very small and have problems with some larger weapons.
You are too small for most types of armour.
You have supernaturally acute eyesight. (SInv)
You are a herbivore.
You cover ground extremely quickly.
You need consume almost no food.
You have claws for feet.

Inventory:

Missiles
 a - 36 arrows
 F - 2 throwing nets (quivered) {+f}
Armour
 b - a +0 robe (worn)
Wands
 j - a wand of flame (14)
Scrolls
 e - a scroll of identify
 f - a scroll of remove curse
 g - a scroll of amnesia {unknown}
 h - a scroll of fear
 i - a scroll of enchant weapon
Books
 c - a book of Changes

   Spells                             Type                      Level
   a - Beastly Appendage              Transmutation                1
   b - Sticks to Snakes               Transmutation                2
   c - Spider Form                    Transmutation/Poison         3
   d - Ice Form                       Ice/Transmutation            4
   e - Blade Hands                    Transmutation                5
Comestibles
 d - 5 rations


You had 4 spell levels left.
You knew the following spells:

 Your Spells              Type           Power        Failure   Level  Hunger
a - Beastly Appendage     Tmut           ##....       4%          1    #......
b - Sticks to Snakes      Tmut           ##......     6%          2    ###....


   Skills:
 - Level 0.7 Fighting
 - Level 3.0 Dodging
 * Level 3.2 Unarmed Combat
 - Level 2.6 Spellcasting
 * Level 4.2 Transmutations

Dungeon Overview and Level Annotations

Branches:
Dungeon (2/15)

Altars:
Dithmenos
The Shining One

Vault maps used:
D:1:      dpeg_arrival_water_fire
D:2:      old_standard_altar, overflow_temple_1_default,
          nicolae_overflow_hidden_temple
You       could see an iguana and a frilled lizard.


Message History

The iguana is heavily wounded.
The iguana misses you.
Your ball python bites the iguana.
Your ball python constricts the iguana.
You hit the iguana but do no damage.
The iguana is heavily wounded.
The iguana bites your ball python!
Your ball python dies!
You hit the iguana but do no damage.
The iguana is heavily wounded.
The iguana misses you. The frilled lizard bites you.
You lost 1 HP.
You have now: 16/17 HP.
You hit the iguana. You claw the iguana, but do no damage.
The iguana is severely wounded.
The iguana closely misses you.
The frilled lizard bites you but does no damage.
You closely miss the iguana. Your kick misses the iguana.
The iguana is severely wounded.
The iguana closely misses you. The frilled lizard barely misses you.
You hit the iguana.
The iguana is severely wounded.
The iguana bites you.
You lost 1 HP.
You have now: 15/17 HP.
You hit the iguana but do no damage.
The iguana is severely wounded.
The frilled lizard barely misses you.
You hit the iguana. Your kick misses the iguana.
The iguana is almost dead.
The iguana barely misses you. The frilled lizard bites you.
You lost 1 HP.
You have now: 14/17 HP.
You hit the iguana but do no damage.
The iguana is almost dead.
The iguana barely misses you. The frilled lizard closely misses you.
You hit the iguana but do no damage.
The iguana is almost dead.
The iguana hisses menacingly.
The iguana closely misses you. The frilled lizard closely misses you.
You hit the iguana but do no damage. You claw the iguana, but do no damage.
The iguana is almost dead.
The iguana barely misses you. The frilled lizard barely misses you.
You closely miss the iguana.
The iguana is almost dead.
The iguana bites you.
The frilled lizard hisses.
The frilled lizard misses you.
You lost 2 HP.
You have now: 12/17 HP.
You hit the iguana but do no damage.
The iguana is almost dead.
The iguana bites you!
Ouch! That really hurt!
You die...

Action                   || total
-------------------------++-------
Melee: Unarmed           ||   131
       Kick              ||    11
       Headbutt          ||    10
       Punch             ||     1
 Cast: Beastly Appendage ||    26
       Sticks to Snakes  ||    12
  Use: Scroll            ||     4
       Potion            ||     1
 Stab: Sleeping          ||     1
Armor: Robe              ||    15
Dodge: Dodged            ||    98

Notes
Turn   | Place    | Note
-------+----------+-------------------------------------------
     0 | D:1      | hexophile the Spriggan Transmuter began the quest for the Orb.
     0 | D:1      | Reached XP level 1. HP: 9/9 MP: 5/5
   259 | D:1      | Reached skill level 3 in Transmutations
   291 | D:1      | Reached XP level 2. HP: 8/14 MP: 4/6
   411 | D:1      | Learned a level 2 spell: Sticks to Snakes
   778 | D:1      | Reached skill level 3 in Unarmed Combat
  1016 | D:1      | Reached XP level 3. HP: 16/17 MP: 6/8
  1363 | D:2      | Found a shadowy altar of Dithmenos.
  1441 | D:2      | Reached skill level 4 in Transmutations
  1783 | D:2      | Found a glowing golden altar of the Shining One.
  2210 | D:2      | Slain by an iguana

Table legend:
 A = Turns spent in this place as a percentage of turns spent in the entire game.
 B = Non-inter-level travel turns spent in this place as a percentage of non-inter-level travel turns spent in the entire game.
 C = Inter-level travel turns spent in this place as a percentage of turns spent in this place.
 D = Turns resting spent in this place as a percentage of non-inter-level travel turns spent in this place.
 E = Turns spent auto-exploring this place as a percentage of non-inter-level travel turns spent in this place.
 F = Non-inter-level travel turns spent in this place divided by the number of levels of this place that you've seen.
                   A       B       C       D       E      F
               +-------+-------+-------+-------+-------+----------------------
         Total | 100.0 | 100.0 |   1.9 |  32.7 |  41.9 | 1084.0
       Dungeon | 100.0 | 100.0 |   1.9 |  32.7 |  41.9 | 1084.0
               +-------+-------+-------+-------+-------+----------------------

Table legend:
 A = Kills in this place as a percentage of kills in entire the game.
 B = Kills by you in this place as a percentage of kills by you in the entire game.
 C = Kills by friends in this place as a percentage of kills by friends in the entire game.
 D = Other kills in this place as a percentage of other kills in the entire game.
 E = Experience gained in this place as a percentage of experience gained in the entire game.
 F = Experience gained in this place divided by the number of levels of this place that you have seen.
                   A       B       C       D       E      F
               +-------+-------+-------+-------+-------+----------------------
         Total | 100.0 | 100.0 | 100.0 |   N/A | 100.0 |  36.0
       Dungeon | 100.0 | 100.0 | 100.0 |   N/A | 100.0 |  36.0
               +-------+-------+-------+-------+-------+----------------------

Vanquished Creatures
  An ooze (D:1)
  A leopard gecko (D:1)
  A giant cockroach (D:2)
  5 goblins
  5 hobgoblins
  7 kobolds
  4 bats
  2 frilled lizards (D:1)
  6 rats
32 creatures vanquished.

Vanquished Creatures (collateral kills)
  An adder (D:2)
  A worm (D:2)
  A dart slug (D:1)
  A goblin (D:1)
  A hobgoblin (D:2)
  A quokka (D:2)
  A frilled lizard (D:2)
7 creatures vanquished.

Grand Total: 39 creatures vanquished
